 Dungeon Sprint DCSS version 0.30.1-11-g7821555f0a (webtiles) character file.

Game seed: 9188503203108086422

96 Heoruswealwe the Poker (level 4, -6/45 HPs)
             Began as a Minotaur Fighter on Jan 9, 2024.
             Mangled by an ogre
             ... wielding a +0 giant spiked club
              (8 damage)
             ... in the Dungeon (Sprint IX: "|||||||||||||||||||||||||||||").
             The game lasted 00:00:41 (41 turns).

Heoruswealwe the Poker (Minotaur Fighter)             Turns: 41, Time: 00:00:42

Health: -6/45      AC:  7    Str: 22    XL:     4   Next: 41%
Magic:  3/3        EV:  9    Int:  5    God:
Gold:   0          SH:  4    Dex: 10    Spells: 3/3 levels left

rFire   . . .        a - +0 trident
rCold   . . .        d - +0 buckler
rNeg    . . .        c - +0 scale mail
rPois   .            (helmet restricted)
rElec   .            (no cloak)
rCorr   .            (no gloves)
SInv    .            (no boots)
Will    .....        (no amulet) Stlth
                     (no ring)
HPRegen 0.27/turn    (no ring)
MPRegen 0.08/turn

%: no teleportation
@: no status effects
A: horns 2, retaliatory headbutt
a: no special abilities


You were in the Dungeon.
You visited 1 branch

Inventory:

Hand Weapons
 a - a +0 trident (weapon)
Armour
 c - a +0 scale mail (worn)
 d - a +0 buckler (worn)
Scrolls
 j - a scroll of blinking
Potions
 b - a potion of might
 g - a potion of haste
 i - a potion of berserk rage


   Skills:
 + Level 6.3 Fighting
 * Level 7.8 Polearms
 + Level 6.4 Armour
 - Level 3.6 Shields


You had 3 spell levels left.
You didn't know any spells.
Your spell library was empty.

Dungeon Overview and Level Annotations

Branches:
Dungeon (1/1)

Altars:


Innate Abilities, Weirdness & Mutations

You have a pair of horns on your head.
You reflexively headbutt those who attack you in melee.


Message History

You are poisoned.
The scorpion poisons you!
You closely miss the scorpion.
The scorpion is severely wounded.
You feel very sick. The scorpion barely misses you.
You puncture the scorpion!
You kill the scorpion!
You feel sick.
Your Fighting skill increases to level 6!
Your Polearms skill gained 2 levels and is now at level 7!
Your Armour skill increases to level 6!
You have reached level 4!
You feel agile.
You puncture the shadow imp!
You kill the shadow imp!
You feel sick.
You feel sick.
The ogre hits you with a +0 giant spiked club!!
Ouch! That really hurt!
* * * LOW HITPOINT WARNING * * *
There is an open door, spattered with blood here.
Things that are here:
a +0 hand axe; a scorpion corpse; an iguana corpse You feel much better.
You feel sick.
The ogre hits you with a +0 giant spiked club!!
Ouch! That really hurt!
* * * LOW HITPOINT WARNING * * *
You puncture the ogre!
The ogre is moderately wounded.
You feel sick.
You closely miss the ogre. You headbutt the ogre!
The ogre is severely wounded.
You feel sick. The ogre misses you.
You hit the ogre. Your headbutt misses the ogre.
The ogre is severely wounded.
You feel sick.
You are no longer poisoned.
The ogre hits you with a +0 giant spiked club!
You die... ▓▓▓▓▓▓▓▓▓▓▓▓▓▓▓▓▓▓ ▓<.!.).....@O....+ ▓▓▓▓▓▓▓▓▓▓▓▓▓▓▓▓▓▓

You could see an ogre.

Vanquished Creatures
  A scorpion (D)
  An iguana (D)
  A shadow imp (D)
  An orc (D)
  An endoplasm (D)
  A giant cockroach (D)
  A kobold (D)
  A ball python (D)
  A frilled lizard (D)
9 creatures vanquished.

Notes
Turn   | Place    | Note
-------+----------+-------------------------------------------
     0 | D        | Heoruswealwe the Minotaur Fighter began the quest for the
                  | Orb.
     0 | D        | Reached XP level 1. HP: 19/19 MP: 0/0
     6 | D        | Reached skill level 3 in Polearms
    22 | D        | Noticed an iguana
    22 | D        | Noticed a scorpion
    22 | D        | Noticed an ogre
    24 | D        | Reached skill level 4 in Polearms
    25 | D        | Killed an iguana
    26 | D        | Reached skill level 5 in Fighting
    26 | D        | Reached skill level 5 in Polearms
    26 | D        | Reached skill level 5 in Armour
    26 | D        | Reached XP level 2. HP: 29/29 MP: 1/1
    26 | D        | Reached XP level 3. HP: 36/36 MP: 2/2
    35 | D        | Killed a scorpion
    36 | D        | Reached skill level 7 in Polearms
    36 | D        | Reached XP level 4. HP: 32/44 MP: 3/3
    41 | D        | HP: 2/45 [poisoned by a scorpion]
    41 | D        | Mangled by an ogre

Illustrated notes

Levels and vault maps discovered:
D:        linesprint [early_d, line_temple, items_1, d_10, items_2, lair_1,
          lair_end, items_3, orc_1, orc_end, items_4, d_15, swamp_1, shoals_1,
          snake_1, spider_1, d_20, vaults_1, items_5, swamp_end, shoals_end,
          snake_end, spider_end, vaults_end, d_27, items_6, zot_1, zot_end,
          crypt_end, forest_end, elf_end, slime_end, tomb_end, abyss_end,
          pan_hell_end]

Skill      XL: |  1  2  3 |
---------------+----------+-----
Polearms       | 5 7 |  7.8
Fighting       | 5 6 |  6.3
Armour         | 5 6 |  6.4
Shields        | |  3.6

Action                     |  1- 3 |  4- 6 || total
---------------------------+-------+-------++-------
  Melee: Trident           |    23 |     4 ||    27
         Headbutt          |     2 |     1 ||     3
    Use: Potion            |     1 |     1 ||     2
 Armour: Scale mail        |     7 |       ||     7
  Dodge: Dodged            |     9 |     1 ||    10
  Block: Buckler           |     4 |       ||     4
